 Dungeon Crawl Stone Soup version 0.21.0-3-g78d12a8 (console) character file.

358 hilaritas the Chopper (level 6, -2/56 HPs)
             Began as a Deep Dwarf Berserker on Jan 12, 2018.
             Was a Priest of Trog.
             Slain by an ogre
             ... wielding a +0 giant spiked club
              (26 damage)
             ... on level 4 of the Dungeon.
             The game lasted 00:09:10 (2285 turns).

hilaritas the Chopper (Deep Dwarf Berserker)        Turns: 2285, Time: 00:09:11

Health: -2/56      AC:  8    Str: 23    XL:     6   Next: 37%
Magic:  6/6        EV:  8    Int:  7    God:    Trog [***...]
Gold:   185        SH:  0    Dex: 12    Spells: 5/5 levels left

rFire    . . .     SeeInvis .   a - +1 hand axe
rCold    . . .     Gourm    .   (no shield)
rNeg     . . .     Faith    +   b - +0 chain mail
rPois    .         Spirit   .   (no helmet)
rElec    .         Reflect  .   (no cloak)
rCorr    .         Harm     .   (no gloves)
MR       .....                  (no boots)
Stlth    ..........             n - amulet of faith
HPRegen  0.00/turn              (no ring)
MPRegen  0.10/turn              (no ring)

@: non-regenerating
A: damage resistance, heal wounds, sense surroundings 1, no regeneration
a: Heal Wounds, Berserk, Trog's Hand, Burn Spellbooks, Renounce Religion


You were on level 4 of the Dungeon.
You worshipped Trog.
Trog was most pleased with you.
You were not hungry.

You visited 1 branch of the dungeon, and saw 4 of its levels.

You collected 185 gold pieces.

Inventory:

Hand Weapons
 a - a +1 hand axe (weapon)
 h - a -1 club
Missiles
 e - 5 tomahawks of dispersal
 k - 14 tomahawks (quivered)
Armour
 b - a +0 chain mail (worn)
Jewellery
 n - an amulet of faith (around neck)
 p - an uncursed ring of flight
Scrolls
 g - 2 scrolls of magic mapping
 l - 2 scrolls of teleportation
 m - a scroll of enchant weapon
 s - a scroll of blinking
Potions
 f - 2 potions of heal wounds
 i - a potion of resistance
 j - 4 potions of curing
 o - a potion of haste
 q - a potion of mutation
 r - a potion of ambrosia {unknown}
Comestibles
 c - 10 rations
 d - 3 chunks of flesh


   Skills:
 + Level 3.6 Fighting
 * Level 7.3 Axes
 - Level 2.1 Armour
 - Level 2.1 Dodging
 * Level 1.0 Evocations


You had 5 spell levels left.
You didn't know any spells.

Dungeon Overview and Level Annotations

Branches:
Dungeon (4/15)
 Temple: D:4-7

Altars:


Innate Abilities, Weirdness & Mutations

You are resistant to damage.
You can heal yourself by infusing magical energy.
You passively map a small area around you.
You do not regenerate.


Message History

You see here a leopard gecko skeleton.
An ogre comes into view. It is wielding a giant spiked club.
The ogre shouts!
The ogre hits you with a giant spiked club.
Found 4 gold pieces.
You hit the ogre.
The ogre is lightly wounded.
The ogre completely misses you.
You hit the ogre.
The ogre is moderately wounded.
You slash the ogre!
The ogre is heavily wounded.
The ogre hits you with a giant spiked club.
You hit the ogre.
The ogre is severely wounded.
The ogre hits you with a giant spiked club!!
You slash the ogre!
The ogre is almost dead.
The ogre hits you with a giant spiked club!!
You die...

........+.......+.....
.#....###.......#.....
......................
,
...######.#.....#.##.
, ........#<#.###<# ,
..(.......#.#####.# *
.....##.#.#.......#* ,
....................
*,*
...########.######## ,
...# #.# ##O# * * ...#
* * #.# #@### , ...#
#.###$#..# , ...# ,,
#.##.##.## , , * ...#
, #.#.#...# , * .###
*##.##..## ...# , *
#.#....## ** .#.# ,
####..#..##* * * .#.#*
..##...#...# , .#.# *
#..##.#.#.#.# ,* *
.#.# ..# ###.#.#.#* ,
##.#,*..#..# #...#.##
,


You could see an ogre.

Vanquished Creatures
  An ogre (D:4)
  A scorpion (D:3)
  A bullfrog skeleton (D:3)
  A hound skeleton (D:4)
  5 adders
  An ooze (D:3)
  A worm (D:2)
  A dart slug (D:1)
  5 leopard geckos
  10 orcs (D:3)
  A ball python (D:3)
  10 giant cockroaches
  9 goblins
  10 hobgoblins
  12 jackals
  3 quokkas (D:3)
  6 bats
  8 frilled lizards
  7 kobolds
  A quokka skeleton (D:4)
  28 rats
122 creatures vanquished.

Notes
Turn   | Place    | Note
-------+----------+-------------------------------------------
     0 | D:1      | hilaritas the Deep Dwarf Berserker began the quest for the Orb.
     0 | D:1      | Reached XP level 1. HP: 20/20 MP: 1/1
   160 | D:1      | Reached XP level 2. HP: 14/27 MP: 2/2
   340 | D:1      | Reached skill level 4 in Axes
   811 | D:2      | Reached XP level 3. HP: 8/34 MP: 3/3
   836 | D:2      | HP: 3/34 [kobold (3)]
   878 | D:2      | Reached ** piety under Trog
  1116 | D:2      | Reached XP level 4. HP: 24/42 MP: 4/4
  1135 | D:2      | Reached skill level 5 in Axes
  1676 | D:3      | Reached XP level 5. HP: 43/49 MP: 5/5
  1698 | D:3      | Reached skill level 6 in Axes
  1784 | D:3      | Reached *** piety under Trog
  2197 | D:4      | Noticed an ogre
  2201 | D:4      | Reached XP level 6. HP: 41/56 MP: 6/6
  2206 | D:4      | Reached **** piety under Trog
  2206 | D:4      | Reached skill level 7 in Axes
  2209 | D:4      | Reached skill level 1 in Evocations
  2285 | D:4      | Slain by an ogre

Skill      XL: |  1  2  3  4  5  6 |
---------------+-------------------+-----
Axes           | 4 5 6 7 |  7.3
Fighting       | 3 |  3.6
Evocations     | 1 |  1.0
Armour         | |  2.1
Dodging        | |  2.1

Action                   |  1- 3 |  4- 6 || total
-------------------------+-------+-------++-------
Melee: Hand axe          |   151 |   197 ||   348
Throw: Tomahawk          |       |     1 ||     1
Invok: Trog's Hand       |     1 |     3 ||     4
       Berserk           |       |     1 ||     1
 Abil: Heal Wounds       |     1 |       ||     1
  Use: Scroll            |     5 |     8 ||    13
  Eat: Chunk             |     1 |     7 ||     8
Armor: Animal skin       |    21 |     9 ||    30
       Ring mail         |       |    20 ||    20
       Chain mail        |       |    25 ||    25
Dodge: Dodged            |    98 |    81 ||   179
